 Dungeon Crawl Stone Soup version 0.27-a0-262-gc50aac273e (webtiles) character file.

Game seed: 4752166261697007074

13843 Borgoz the Carver (level 12, -2/103 HPs)
             Began as a Ghoul Gladiator on Feb 3, 2021.
             Was an Elder of Ashenzari.
             Slain by a basilisk (5 damage)
             ... while petrified by a basilisk
             ... on level 12 of the Dungeon on Feb 4, 2021.
             The game lasted 00:23:23 (14317 turns).

Borgoz the Carver (Ghoul Gladiator)                Turns: 14317, Time: 00:23:24

Health: -2/103     AC: 12    Str: 19    XL:     12   Next: 10%
Magic:  11/11      EV:  2    Int:  3    God:    Ashenzari [****..]
Gold:   606        SH:  0    Dex: 20    Spells: 11/11 levels left

rFire    . . .     SeeInvis +   z - +2 scimitar
rCold    + . .     Faith    .   m - +0 buckler
rNeg     + + +     Spirit   .   i - +0 ring mail
rPois    ∞         Reflect  .   a - +1 hat
rElec    .         Harm     .   r - +1 cloak
rCorr    .         Rampage  .   c - +0 pair of gloves
Will     .....     Clarity  +   (no boots)
Stlth    +.........             (no amulet)
HPRegen  0.00/turn              f - +6 ring of dexterity
MPRegen  0.12/turn              j - +4 ring of evasion

@: petrified
A: claws 1, cold resistance 1, negative energy resistance 3, inhibited
regeneration, torment resistance, unbreathing
a: Renounce Religion, Curse Item, Scrying


You were on level 12 of the Dungeon.
You worshipped Ashenzari.
Ashenzari was greatly pleased with you.
You visited 2 branches of the dungeon, and saw 13 of its levels.

You collected 639 gold pieces.
You spent 33 gold pieces at shops.

Inventory:

Hand Weapons
 z - a +2 scimitar (weapon)
Missiles
 d - a throwing net (quivered)
Armour
 a - a +1 hat (worn)
 c - a +0 pair of gloves (worn)
 i - a +0 ring mail (worn)
 m - a +0 buckler (worn)
 r - a +1 cloak (worn)
 s - the +4 scale mail of Zalik {-Tele Harm rF- rCorr}
   (You found it on level 5 of the Dungeon)

   It makes you vulnerable to fire.
   It prevents most forms of teleportation.
   It provides partial protection from all sources of acid and corrosion.
   It increases damage dealt and taken.
Jewellery
 f - a +6 ring of dexterity (left hand)
 g - an uncursed ring of flight
 j - a +4 ring of evasion (right hand)
 k - a +6 ring of dexterity
 l - an uncursed ring of willpower
Wands
 t - a wand of paralysis (5)
 y - a wand of iceblast (19)
 C - a wand of digging (6)
Scrolls
 e - a scroll of magic mapping
 o - 3 scrolls of enchant weapon
 p - 4 scrolls of teleportation
 q - a scroll of fog
 u - a scroll of enchant armour
 w - a scroll of brand weapon
 x - 3 scrolls of remove curse
 A - 2 scrolls of identify
 B - a scroll of blinking
Potions
 b - a potion of brilliance
 h - a potion of haste
 n - 4 potions of curing
 v - a potion of flight


   Skills:
 + Level 8.7 Fighting
 * Level 10.3 Long Blades
 - Level 1.7 Throwing
 * Level 9.9 Armour
 + Level 7.5 Dodging
 - Level 4.0 Shields


You had 11 spell levels left.
You didn't know any spells.
Your spell library contained the following spells:

 Spells                   Type           Power        Failure   Level
 Apportation              Tloc           0%           67%         1
 Magic Dart               Conj           0%           67%         1
 Blink                    Tloc           N/A          82%         2
 Call Imp                 Summ           0%           82%         2
 Slow                     Hex            0%           82%         2
 Conjure Flame            Conj/Fire      0%           96%         3
 Lesser Beckoning         Tloc           0%           96%         3
 Mephitic Cloud           Conj/Pois/Air  0%           96%         3
 Tukima's Dance           Hex            0%           96%         3
 Alistair's Intoxication  Tmut/Pois      0%           100%        5
 Invisibility             Hex            0%           100%        6
 Beastly Appendage        Tmut           Unusable     N/A         1
 Wereblood                Tmut           Unusable     N/A         2
 Spider Form              Tmut/Pois      Unusable     N/A         3
 Ice Form                 Ice/Tmut       Unusable     N/A         4
 Blade Hands              Tmut           Unusable     N/A         5

Dungeon Overview and Level Annotations

Branches:
Dungeon (12/15)            Temple (1/1) D:5            Lair (0/6) D:9
    Orc (0/2) D:12

Altars:
Ashenzari
Cheibriados
Dithmenos
Elyvilon
Fedhas
Gozag
Hepliaklqana
Kikubaaqudgha
Makhleb
Nemelex Xobeh
Okawaru
Qazlal
Ru
Sif Muna
Trog
Uskayaw
Vehumet
Wu Jian
Xom
Yredelemnul
Zin
The Shining One

Shops:
D:7 *[**   D:10 }   D:11 ?:*?

Annotations:
D:3 2 transporters, Stelteck's ghost, amateur MfTm
D:5 Prince Ribbit


Innate Abilities, Weirdness & Mutations

You thrive by killing the living.
You are immune to poison.
You have sharp fingernails.
Your flesh is cold resistant. (rC+)
You are immune to negative energy. (rN+++)
You do not regenerate when monsters are visible.
You are immune to unholy pain and torment.
You can survive without breathing.


Message History

The boulder beetle leaps!
Your limbs are stiffening.
You hit the basilisk but do no damage.
The basilisk is lightly wounded.
The white ugly thing closely misses you.
You riposte.
You closely miss the white ugly thing.
The white ugly thing is moderately wounded.
The basilisk gazes at you. You resist with some effort.
You have turned to stone.
The white ugly thing engulfs you.
* * * LOW HITPOINT WARNING * * *
The white ugly thing freezes you! You resist.
* * * LOW HITPOINT WARNING * * *
The basilisk bites you!
* * * LOW HITPOINT WARNING * * *
The basilisk bites you.
* * * LOW HITPOINT WARNING * * *
The white ugly thing engulfs you but does no damage.
The white ugly thing engulfs you but does no damage.
The basilisk bites you!
You die...

,
,##...#.....................
, ,
................)##########
, #..[......B...$.# #. ,
#..^..†..°.T....#* *##.
,#...#......c...##*,∆ .##..
, ....
##...##V..###**,*..... # , ,
##.TcDy{....,, #.... , ,
###u####.## * ,..... * *#@#,
,..., ###. * *, , , #l# ,.D.
,#... , ,,, ..# , .. , .#.##
* , ,**#... ,, ,, ,...## ,
#..# *.#>.. , , ,...# ,
..... , ...# , #.### >
....#* #, # , , *#, #


You could see a seven-headed hydra, a white ugly thing, a centaur warrior, a
yaktaur, a troll, a basilisk and a vampire (invisible).

Vanquished Creatures
  Gastronok (D:8)
  2 two-headed ogres
  A queen ant (D:11)
  Nergalle (D:11)
  2 gargoyles
  A komodo dragon (D:11)
  A troll (D:11)
  A hornet (D:12)
  3 yaks (D:9)
  A wraith (D:11)
  2 vampire mosquitoes (D:11)
  Grum (D:8)
  7 soldier ants (D:11)
  3 water moccasins
  A hornet zombie (D:9)
  An orc warrior (D:11)
  A sky beast (D:6)
  4 black bears
  2 ice beasts
  A necrophage (D:6)
  An eye of draining (D:8)
  4 wolves (D:8)
  5 ogres
  9 centaurs
  A phantom (D:8)
  3 big kobolds
  5 bullfrogs
  A gnoll sergeant (D:12)
  A wyvern zombie (D:11)
  4 scorpions
  8 killer bees (D:8)
  A water moccasin skeleton (D:9)
  13 wights
  2 howler monkeys
  2 jellies
  3 orc priests (D:3)
  3 bullfrog skeletons
  7 hounds
  4 centaur skeletons
  9 orc wizards
  3 iguanas
  25 worker ants
  A killer bee zombie (D:8)
  A hound zombie (D:8)
  A worker ant zombie (D:7)
  Robin (D:3)
  8 gnolls
  14 adders
  A howler monkey skeleton (D:4)
  2 white imps
  An ufetubus (D:5)
  An adder skeleton (D:4)
  3 worms
  7 leopard geckos
  38 orcs
  A ball python (D:2)
  14 giant cockroaches
  15 goblins
  4 hobgoblins
  4 jackals
  5 quokkas
  A bat (D:1)
  2 frilled lizards (D:3)
  A goblin skeleton (D:8)
  A goblin zombie (D:8)
  A hobgoblin zombie (D:8)
  18 kobolds
  2 kobold skeletons (D:8)
  3 kobold zombies (D:8)
  2 orc zombies (D:8)
  2 quokka skeletons
  4 rats
310 creatures vanquished.

Vanquished Creatures (others)
  An orc (D:3)
  7 plants (D:3)
8 creatures vanquished.

Grand Total: 318 creatures vanquished

Notes
Turn   | Place    | Note
-------+----------+-------------------------------------------
     0 | D:1      | Borgoz the Ghoul Gladiator began the quest for the Orb.
     0 | D:1      | Reached XP level 1. HP: 17/17 MP: 0/0
   238 | D:1      | Reached XP level 2. HP: 4/25 MP: 1/1
   816 | D:1      | Reached skill level 3 in Long Blades
   872 | D:1      | Reached skill level 1 in Armour
  1130 | D:2      | Found a sacrificial altar of Ru.
  1134 | D:2      | Found a snail-covered altar of Cheibriados.
  1138 | D:2      | Found a broken altar of Ashenzari.
  1199 | D:2      | Reached XP level 3. HP: 30/30 MP: 2/2
  1260 | D:2      | Became a worshipper of Ashenzari the Shackled
  1951 | D:2      | Found a faded altar of an unknown god.
  2142 | D:3      | Reached XP level 4. HP: 32/37 MP: 3/3
  2219 | D:3      | Found a transporter.
  2541 | D:3      | Reached XP level 5. HP: 45/45 MP: 4/4
  2548 | D:3      | Found a transporter.
  2551 | D:3      | Noticed Stelteck's ghost (amateur MfTm)
  2565 | D:3      | Reached skill level 1 in Shields
  3343 | D:3      | Noticed Robin
  3377 | D:3      | Killed Robin
  3715 | D:3      | Reached XP level 6. HP: 24/51 MP: 5/5
  3947 | D:3      | Reached skill level 4 in Long Blades
  4765 | D:4      | Reached * piety under Ashenzari
  4894 | D:4      | Reached XP level 7. HP: 57/58 MP: 6/6
  5195 | D:5      | Entered Level 5 of the Dungeon
  5218 | D:5      | Found a staircase to the Ecumenical Temple.
  5223 | D:5      | Got the uncursed scale mail of Zalik {-Tele Harm rF- rCorr}
  5229 | Temple   | Entered the Ecumenical Temple
  6063 | D:5      | Noticed Prince Ribbit
  6848 | D:6      | Identified the +4 scale mail of Zalik {-Tele Harm rF-
                  | rCorr} (You found it on level 5 of the Dungeon)
  6922 | D:6      | Reached skill level 5 in Long Blades
  6922 | D:6      | Reached XP level 8. HP: 57/66 MP: 7/7
  7237 | D:6      | Reached ** piety under Ashenzari
  7402 | D:6      | Found a bloodstained altar of Trog.
  7706 | D:7      | Found Fikhlum's Assorted Antiques.
  7707 | D:7      | Found Etuacy's General Store.
  7924 | D:7      | Found a white marble altar of Elyvilon.
  8154 | D:7      | Found Huuceor's Assorted Antiques.
  8192 | D:7      | Reached skill level 5 in Armour
  8201 | D:7      | Reached skill level 5 in Fighting
  8209 | D:7      | Reached skill level 6 in Long Blades
  8221 | D:7      | Reached XP level 9. HP: 15/74 MP: 8/8
  8470 | D:7      | Found Mugot's Antique Armour Emporium.
  8487 | D:7      | Found a blossoming altar of Fedhas.
  8879 | D:8      | Found a sparkling altar of Nemelex Xobeh.
  8975 | D:8      | Reached skill level 5 in Dodging
  9233 | D:8      | Noticed Grum
  9250 | D:8      | Reached skill level 7 in Long Blades
  9271 | D:8      | Killed Grum
  9738 | D:8      | Found a glowing golden altar of the Shining One.
  9913 | D:8      | Noticed Gastronok
  9920 | D:8      | Reached XP level 10. HP: 78/83 MP: 9/9
  9954 | D:8      | Killed Gastronok
  9955 | D:8      | Reached skill level 8 in Long Blades
 10288 | D:8      | Found an iron altar of Okawaru.
 10712 | D:9      | Found a glowing silver altar of Zin.
 10731 | D:9      | Reached *** piety under Ashenzari
 10739 | D:9      | Noticed a two-headed ogre
 10752 | D:9      | Killed a two-headed ogre
 10984 | D:9      | Found a staircase to the Lair.
 11192 | D:9      | Upgraded the game from 0.27-a0-249-g74f53ef629 to
                  | 0.27-a0-262-gc50aac273e
 11219 | D:9      | Reached XP level 11. HP: 92/92 MP: 10/10
 11308 | D:9      | Reached skill level 9 in Long Blades
 11617 | D:10     | Entered Level 10 of the Dungeon
 11910 | D:10     | Found Xium's Gadget Shop.
 11987 | D:11     | Noticed Nergalle
 12026 | D:11     | Killed Nergalle
 12279 | D:11     | Found Qemifuer's Magic Scroll Boutique.
 12329 | D:11     | Bought a scroll of teleportation for 33 gold pieces
 12339 | D:11     | Found Fearium's Book Shop.
 12342 | D:11     | Noticed an eight-headed hydra
 12616 | D:11     | Found Pucsots's Magic Scroll Shop.
 12754 | D:11     | Found Rauntira's General Store.
 12979 | D:11     | Noticed a queen ant
 13012 | D:11     | Killed a queen ant
 13670 | D:11     | Reached skill level 10 in Long Blades
 13754 | D:11     | Reached **** piety under Ashenzari
 14089 | D:12     | Noticed a two-headed ogre
 14111 | D:12     | Killed a two-headed ogre
 14112 | D:12     | Reached XP level 12. HP: 87/103 MP: 11/11
 14116 | D:12     | Found a staircase to the Orcish Mines.
 14289 | D:12     | Noticed a centaur warrior
 14289 | D:12     | Noticed a boulder beetle
 14293 | D:12     | Noticed a centaur warrior
 14303 | D:12     | Noticed a seven-headed hydra
 14315 | D:12     | HP: 4/103 [basilisk (3)]
 14317 | D:12     | Slain by a basilisk

Illustrated notes

Levels and vault maps discovered:
D:1:      enne_arrival_octagon_isle, layout_loops_cross,
          minmay_worlds_worst_comb
D:2:      layout_loops_ring, gammafunk_temple_overflow_forgotten,
          chequers_ecumenical_altar_grove, chequers_jeans, minmay_pentomino_t4
D:3:      wad_lake_hut, layout_basic, gammafunk_ghost_arena, uniq_robin
D:4:      layout_basic, grunt_decor_clamped
D:5:      layout_loops_corners, minmay_temple_entry_statues_pillars,
          uniq_prince_ribbit1
D:6:      layout_loops_corners, bloody_trog
D:7:      layout_rooms, nicolae_overflow_hidden_temple, fedhas_altar_2,
          serial_shops, shop, kennysheep_mini, shop_fountains,
          nicolae_shop_temple_entry_statues_fountains
D:8:      layout_cave_pods, nemelex_xobeh_ov_fountains_minmay,
          lemuel_crystal_altar, nicolae_tso_besieged_by_evil,
          wad_floor_pattern_untrapped, uniq_grum, uniq_gastronok
D:9:      layout_rooms, zin_scriptorium, lair_entry_dummy
D:10:     layout_rooms, serial_shops, shop, due_unseen_surprise
D:11:     layout_irregular_city, serial_shops, shop,
          nicolae_shop_window_shopping, shop, shop, minmay_another_anthill,
          uniq_nergalle
D:12:     layout_rooms, orc_0_dummy, amcnicky_mini_rare_corridor_liquid,
          minivault_28
Temple:   minmay_temple_bridge_abc

Skill      XL: |  1  2  3  4  5  6  7  8  9 10 11 |
---------------+----------------------------------+-----
Long Blades    | 3 4 5 6 7 8 10 | 10.3
Armour         | 1 2 3 4 5 6 8 9 |  9.9
Dodging        | 3 4 5 6 7 |  7.5
Fighting       | 3 4 5 6 7 8 |  8.7
Shields        | 1 2 3 4 |  4.0
Throwing       | |  1.7

Action                   |  1- 3 |  4- 6 |  7- 9 | 10-12 || total
-------------------------+-------+-------+-------+-------++-------
Melee: Long sword        |   107 |   241 |   394 |       ||   742
       Scimitar          |       |       |    26 |   609 ||   635
Throw: Throwing net      |       |     1 |     3 |     3 ||     7
Evoke: Wand              |       |       |       |     4 ||     4
  Use: Potion            |     1 |     5 |     6 |     3 ||    15
       Scroll            |       |    10 |     8 |     3 ||    21
 Stab: Sleeping          |     3 |       |       |     2 ||     5
       Held in net/web   |       |       |       |     4 ||     4
Armor: Leather armour    |    42 |    53 |       |       ||    95
       Ring mail         |       |    47 |   210 |   184 ||   441
Dodge: Dodged            |    90 |   160 |   454 |   575 ||  1279
Block: Buckler           |     5 |    55 |   165 |   219 ||   444
       Rpst.: Long sword |    27 |    50 |   116 |       ||   193
       Scimitar          |       |       |    10 |   150 ||   160

Table legend: (Time is in decaauts)
 A = Elapsed time spent in this place.
 B = Non-inter-level travel time spent in this place.
 C = Inter-level travel time spent in this place.
 D = Time resting spent in this place.
 E = Time spent auto-exploring this place.
 F = Levels seen in this place.
 G = Mean time per level.
                   A        B        C        D        E       F      G
               +--------+--------+--------+--------+--------+-----+--------+
         Total |  14529 |  14053 |    476 |   4514 |   6469 |  13 | 1117.6 |
       Dungeon |  14335 |  13882 |    453 |   4514 |   6298 |  12 | 1194.6 |
        Temple |    194 |    171 |     23 |      0 |    171 |   1 |  194.0 |
               +--------+--------+--------+--------+--------+-----+--------+

Top non-repeatable levels by time:
     D:3: 2245 daAuts
     D:8: 2038 daAuts
    D:11: 1795 daAuts
     D:5: 1192 daAuts
     D:2: 1179 daAuts
     D:6: 1152 daAuts
     D:7: 991 daAuts
     D:1: 980 daAuts
     D:4: 961 daAuts
     D:9: 919 daAuts
    D:10: 601 daAuts
    D:12: 276 daAuts
  Temple: 194 daAuts
